AoeStats
← Purpose

Nomad

508865271Analyzed
4v4 RM · 9d ago on Sep 24, 2026· 36m 12s· 8 players
Game mode
Random Map
Map size
231×231
Population
200
Speed
Normal
Resources
Standard
Victory
Conquest
Starting age
Dark Age
Ending age
Imperial Age
RankedLock teamsTeams togetherTeam positionsShared explorationLock speedFull tech treeHidden civsTurbo modeCheats
Victory
Defeat
🇨🇳 Poles · China
1374
+12
🇻🇳 Mongols · Vietnam
1342
+14
🇦🇷 Huns · Argentina
1342
+13
🇨🇿 Koreans · Czechia
1337
+13
🇸🇪 Mongols · Sweden
1470
-20
🇬🇧 Saxons · United Kingdom
1346
-15
🇹🇷 Italians · Türkiye
1231
-11
🇸🇪 Varangians · Sweden
1063
-6
Tiểu Long Nữ
5:30 Loom
14:02 Feudal Age
19:53 Castle Age
19:44 Double-Bit Axe
19:59 Gold Mining
24:37 Fletching
25:39 Bodkin Arrow
26:10 Ballistics
27:37 Husbandry
27:48 Bloodlines
30:38 Padded Archer Armor
31:40 Horse Collar
Cleopatra
5:27 Loom
13:58 Feudal Age
18:36 Castle Age
17:19 Fletching
17:30 Padded Archer Armor
19:41 Medium Warships
19:48 Bodkin Arrow
20:15 Horse Collar
29:43 Wheelbarrow
28:55 Double-Bit Axe
31:44 Leather Archer Armor
32:11 Gold Mining
35:55 Imperial Age
34:08 Heavy Plow
35:38 Ballistics
37:00 Bow Saw
卫星点灯
14:25 Feudal Age
19:29 Castle Age
17:50 Fishing Lines
19:06 Horse Collar
20:10 Heavy Plow
21:18 Double-Bit Axe
23:20 Fletching
24:32 Gold Mining
28:01 Bloodlines
27:52 Husbandry
28:04 Scale Barding Armor
28:10 Forging
28:42 Wheelbarrow
28:29 Szlachta Privileges
29:06 Bloodlines
29:22 Chain Barding Armor
33:11 Light Cavalry
34:26 Hand Cart
Escapist
3:49 Loom
4:36 Loom
14:50 Feudal Age
15:59 Double-Bit Axe
17:24 Forging
19:51 Castle Age
20:49 Medium Warships
21:15 Iron Casting
22:57 Wheelbarrow
22:07 Town Watch
23:04 Clinker Construction
24:09 Fishing Lines
25:53 Ballistics
25:28 Fletching
26:58 Bow Saw
27:13 Gillnets
28:05 Squires
28:06 Arson
28:33 Pikeman
28:59 Treadmill Crane
30:43 Eupseong
31:18 Hand Cart
32:09 Bodkin Arrow
32:18 Horse Collar
37:46 Imperial Age
36:23 Heavy Plow
36:39 Masonry
Oliver
3:28 Loom
13:38 Feudal Age
19:33 Castle Age
18:00 Fletching
19:59 Double-Bit Axe
20:29 Medium Warships
22:44 Fishing Lines
26:21 Bodkin Arrow
27:54 Horse Collar
29:10 Bow Saw
29:47 Ballistics
30:04 Town Watch
32:14 Gillnets
32:37 Careening
34:17 Wheelbarrow
34:44 Heavy Plow
36:02 Scale Mail Armor
36:14 Forging
Wavedash
6:54 Loom
15:55 Feudal Age
18:00 Bloodlines
19:12 Fishing Lines
21:43 Forging
26:17 Castle Age
25:43 Wheelbarrow
25:07 Horse Collar
25:20 Double-Bit Axe
26:04 Scale Barding Armor
27:07 Husbandry
26:29 Light Cavalry
28:21 Chain Barding Armor
31:17 Town Watch
31:28 Vendel Legacy
32:23 Fletching
Purpose
13:54 Feudal Age
18:56 Castle Age
18:33 Stone Mining
18:42 Loom
20:37 Town Watch
24:45 Fletching
29:10 Imperial Age
28:19 Bodkin Arrow
33:49 Murder Holes
Femto
11:20 Loom
13:15 Feudal Age
20:30 Castle Age
19:07 Forging
21:21 Medium Warships
23:01 Fletching
24:46 Bodkin Arrow
26:36 Double-Bit Axe
32:51 Ballistics
34:19 Padded Archer Armor
Connection lost

Rejoining the realm…

Still unreachable

The connection could not be restored.

Session expired

The server has moved on; the page needs a fresh start.